 Dungeon Crawl Stone Soup version 0.27-a0-1065-ge809cff456 (webtiles) character file.

Game seed: 7368685478274607583

2 snetch the Magician (level 1, 0/15 HPs)
             Began as a Djinni Hedge Wizard on Apr 23, 2021.
             Frozen to death by an endoplasm (7 damage)
             ... on level 1 of the Dungeon.
             The game lasted 00:00:30 (89 turns).

snetch the Magician (Djinni Hedge Wizard)             Turns: 89, Time: 00:00:31

Health: 0/15       AC:  2    Str:  9    XL:     1   Next: 40%
Gold:   11         EV: 12    Int: 15    God:
                   SH:  0    Dex: 12

rFire    + + .     SeeInvis .   a - +0 dagger
rCold    x . .     Faith    .   (no shield)
rNeg     . . .     Spirit   .   b - +0 robe
rPois    ∞         Reflect  .   c - +0 hat
rElec    .         Harm     .   (no cloak)
rCorr    .         Rampage  .   (no gloves)
Will     .....                  (boots unavailable)
Stlth    ++........             (no amulet)
HPRegen  0.05/turn              (no ring)
MPRegen  0.00/turn              (no ring)

@: flying
A: fire resistance 2, cold vulnerability 1, float, innate caster, hp casting,
extra vitality 1
a: no special abilities


You were on level 1 of the Dungeon.
You visited 1 branch of the dungeon, and saw 1 of its levels.

You collected 11 gold pieces.

Inventory:

Hand Weapons
 a - a +0 dagger (weapon)
Armour
 b - a +0 robe (worn)
 c - a +0 hat (worn)
Scrolls
 d - a scroll of teleportation {unknown}


   Skills:
 + Level 2.2 Dodging
 + Level 1.6 Stealth
 + Level 2.8 Spellcasting


You couldn't memorise any spells.
You knew the following spells:

 Your Spells              Type           Power      Damage    Failure   Level
a - Magic Dart            Conj           40%        1d5       6%          1
b - Blink                 Tloc           N/A        N/A       10%         2
c - Call Imp              Summ           10%        N/A       10%         2
d - Slow                  Hex            10%        N/A       10%         2
e - Conjure Flame         Conj/Fire      10%        6-21      19%         3
f - Mephitic Cloud        Conj/Pois/Air  10%        N/A       19%         3
Your spell library was empty.

Dungeon Overview and Level Annotations

Branches:
Dungeon (1/15)

Altars:


Innate Abilities, Weirdness & Mutations

You are immune to poison.
Your flesh is very heat resistant. (rF++)
You are vulnerable to cold. (rC-)
You float through the air rather than walking.
You learn spells naturally, not from books.
Your magical power is your life essence.
You have superior vitality. (+4 HP)


Message History

Okay, then.
You see here a +0 pair of boots.
d - a scroll labelled APOMPO FUXYI You now have 11 gold pieces.
Found a robe.
You reach down and open the gate.
Found a stone staircase leading down.
You hit the plant but do no damage. You hit the plant.
The plant begins to die.
The plant is lightly damaged.
A nearby plant withers and dies.
There is an open gate here.
A bat, a ball python and an endoplasm come into view.
The ball python hisses angrily.
The endoplasm quivers.
The endoplasm moves out of view.
There is a stone staircase leading down here.
The ball python bites you but does no damage.
The ball python grabs you. The ball python constricts you.
The ball python bites you but does no damage.
The ball python constricts you.
You escape the ball python's grasp.
The magic dart hits the bat.
You kill the bat!
The ball python closely misses you. The ball python grabs you.
The ball python constricts you.
The magic dart hits the ball python.
The ball python is heavily wounded.
The ball python barely misses you. The ball python constricts you.
The magic dart hits the ball python.
You kill the ball python!
The magic dart hits the endoplasm.
The endoplasm is lightly wounded.
The magic dart hits the endoplasm.
The endoplasm is severely wounded.
The magic dart hits the endoplasm.
The endoplasm is almost dead.
The endoplasm freezes you.
You are frozen!
You feel a terrible chill!
You die...

#≈≈≈......♣P.P.♣
#≈≈≈.....♣#######
#≈≈≈≈....P##....#
#≈≈.......##....#
#≈≈≈.....P#.....+
#≈≈≈≈....♣#.....#
#≈≈≈≈....♣#.....#
#≈≈≈......#..!..#
#≈≈≈.....##..@..#
#≈≈≈≈...P##..J..###
#≈≈≈≈.....'>........
#≈≈≈......'.#........
#≈≈≈..♣...'.#........
#≈≈≈.....#####.......
#≈≈≈≈....## .......
#≈≈≈≈[.P♣.# .......
########### ......


You could see an endoplasm.

Vanquished Creatures
  A ball python (D:1)
  A bat (D:1)
2 creatures vanquished.

Vanquished Creatures (others)
  A plant (D:1)
1 creature vanquished.

Grand Total: 3 creatures vanquished

Notes
Turn   | Place    | Note
-------+----------+-------------------------------------------
     0 | D:1      | snetch the Djinni Hedge Wizard began the quest for the Orb.
     0 | D:1      | Reached XP level 1. HP: 15/15 MP: 0/0
    89 | D:1      | Frozen to death by an endoplasm

Illustrated notes

Levels and vault maps discovered:
D:1:      kennysheep_arrival_seaside, layout_basic

Action                   || total
-------------------------++-------
Melee: Dagger            ||     2
 Cast: Magic Dart        ||     6
Armor: Robe              ||     2
Dodge: Dodged            ||     2

Table legend: (Time is in decaauts)
 A = Elapsed time spent in this place.
 B = Non-inter-level travel time spent in this place.
 C = Inter-level travel time spent in this place.
 D = Time resting spent in this place.
 E = Time spent auto-exploring this place.
 F = Levels seen in this place.
 G = Mean time per level.
                   A        B        C        D        E       F      G
               +--------+--------+--------+--------+--------+-----+--------+
         Total |     89 |     89 |      0 |      0 |     28 |   1 |   89.0 |
       Dungeon |     89 |     89 |      0 |      0 |     28 |   1 |   89.0 |
               +--------+--------+--------+--------+--------+-----+--------+

Top non-repeatable levels by time:
     D:1: 89 daAuts
